 Dungeon Crawl Stone Soup version 0.14.1 (webtiles) character file.

355 Heini the Skirmisher (level 5, 0/48 HPs)
             Began as a Hill Orc Fighter on Apr 30, 2014.
             Succumbed to a scorpion's poison
             ... on Level 3 of the Dungeon.
             The game lasted 00:05:44 (2334 turns).

Heini the Skirmisher (Hill Orc Fighter)             Turns: 2334, Time: 00:05:44

HP   0/48        AC  0     Str 20      XL: 5   Next: 75%
MP   5/5         EV 13     Int  8      God:
Gold 159         SH 19     Dex 15      Spells:  0 memorised,  4 levels left

rFire  . . .     SeeInvis .     a - +0 war axe
rCold  . . .     Clarity  .     (no armour)
rNeg   . . .     Conserve .     c - +0 shield
rPois  .         rCorr    .     (no helmet)
rElec  .         rRot     .     (no cloak)
SustAb . .       Spirit   .     (no gloves)
rMut   .         Warding  .     (no boots)
Saprov + . .     Stasis   .     (no amulet)
MR     .....                    (no ring)
                                (no ring)

@: agile, lethally poisoned, not resistant to hostile enchantments, stealthy
A: saprovore 1
a: no special abilities


You were on level 3 of the Dungeon.
You were not hungry.

You visited 1 branch of the dungeon, and saw 4 of its levels.

You collected 159 gold pieces.

Inventory:

Hand weapons
 a - a +0,+0 war axe (weapon)
Armour
 b - a +0 scale mail
 c - a +0 shield (worn)
 t - a +0 chain mail
Comestibles
 d - 2 meat rations
 f - an apple
 m - a bread ration
 p - a pear
Scrolls
 g - 5 scrolls of identify
 k - 2 scrolls of enchant weapon I {unknown}
 l - 2 scrolls of fog {unknown}
 o - 2 scrolls of teleportation {unknown}
 q - a scroll of noise {unknown}
 r - 2 scrolls of recharging {unknown}
 s - a scroll of enchant armour {unknown}
 v - a scroll of blinking {unknown}
Jewellery
 j - a +1 ring of intelligence {unknown}
Potions
 h - a potion of magic
 i - a potion of agility


   Skills:
 * Level 5.2 Fighting
 * Level 5.0 Axes
 * Level 4.5 Armour
 - Level 3.2 Shields


You had 4 spell levels left.
You didn't know any spells.

Dungeon Overview and Level Annotations

Branches:
Dungeon (4/15)
 Temple: D:4-7

Altars:


Innate Abilities, Weirdness & Mutations

You can tolerate rotten meat.


Message History

You are poisoned.
The scorpion poisons you!
Your shield prevents you from hitting the scorpion.
The scorpion is almost dead.
You feel sick. The scorpion closely misses you.
You closely miss the scorpion.
The scorpion is almost dead.
You feel sick. You block the scorpion's attack.
The scorpion closely misses you.
You closely miss the scorpion.
The scorpion is almost dead.
You feel sick. The scorpion stings you!
* * * LOW HITPOINT WARNING * * *
You are more poisoned.
The scorpion poisons you!
Drink which item? (? for menu, Esc to quit)
Okay, then.
* * * LOW HITPOINT WARNING * * *
You feel sick.
You die...

#######.....#.####.#.# #.# ###
#.....#.####.#.######.###≈≈
#....................##≈≈≈.
#.....#.####.#.#######≈≈... ####
#.....#.# #.#.# #≈≈.... ...#
#####.#.####.#.# ##≈.[≈≈≈ ...#
#.#.##.....# #≈≈..≈.. ...#
#.#.##.....# #≈...≈.≈
...########.#.##@....#####≈..≈...
........)........%.......'%...≈≈≈
...########.#.##s....#####≈......
##.# #.#.##.....# #≈≈..... #.#
#.#.######%# ##≈≈....
##.########.#.# #.# ##≈≈.≈≈
..............######.#########+##
....................)%...........
##.########.########.########.#..


You could see a scorpion.

Vanquished Creatures
  An orc priest (D:3)
  An orc wizard (D:3)
  Terence (D:2)
  5 adders
  2 worms
  5 giant geckos
  2 oozes
  5 orcs (D:3)
  A ball python (D:2)
  9 bats
  3 giant cockroaches
  5 hobgoblins
  2 jackals (D:2)
  3 giant newts
  6 goblins
  7 kobolds
  6 rats
  A fungus (D:1)
65 creatures vanquished.

Notes
Turn   | Place    | Note
--------------------------------------------------------------
     0 | D:1      | Heini, the Hill Orc Fighter, began the quest for the Orb.
     0 | D:1      | Reached XP level 1. HP: 19/19 MP: 1/1
    89 | D:1      | Reached skill level 4 in Fighting
    89 | D:1      | Reached XP level 2. HP: 27/27 MP: 2/2
   730 | D:2      | Reached XP level 3. HP: 33/33 MP: 3/3
   955 | D:2      | Reached XP level 4. HP: 22/41 MP: 4/4
  1025 | D:2      | Noticed Terence
  1045 | D:2      | Killed Terence
  1766 | D:3      | Reached skill level 5 in Fighting
  1766 | D:3      | Reached XP level 5. HP: 35/48 MP: 5/5
  2198 | D:3      | Reached skill level 5 in Axes
  2333 | D:3      | HP: 2/48 [poisoned by a scorpion]
  2334 | D:3      | Succumbed to a scorpion's poison

Action                   |  1- 3 |  4- 6 || total
-------------------------+-------+-------++-------
Melee: War axe           |    92 |   120 ||   212
  Use: Scroll            |       |     4 ||     4
       Potion            |       |     4 ||     4
 Stab: Sleeping          |       |     1 ||     1
